 Dungeon Crawl Stone Soup version 0.32-a0-814-g0968bab981 (webtiles) character file.

Game seed: 13846620183888589694

1152 runemasterragnar the Shooter (level 8, -3/63 HPs)
             Began as a Coglin Hunter on Mar 23, 2024.
             Was a Follower of Okawaru.
             Engulfed by a steam dragon's steam (5 damage)
             ... on level 7 of the Dungeon.
             The game lasted 00:06:55 (4217 turns).

runemasterragnar the Shooter (Coglin Hunter)        Turns: 4217, Time: 00:06:55

Health: -3/63      AC:  4    Str: 11    XL:     8   Next: 38%
Magic:  0/8        EV: 11    Int:  9    God:    Okawaru [*.....]
Gold:   0          SH:  0    Dex: 20    Spells: 7/7 levels left

rFire   . . .        a - +2 sling {Marisol}
rCold   . . .        u - +1 sling (flame) {Harkiran}
rNeg    . . .        c - +0 leather armour
rPois   .            (no helmet)
rElec   .            (no cloak)
rCorr   .            (no gloves)
SInv    .            z - +0 pair of boots
Will    .....        (amulet unavailable)
Stlth   +            (ring unavailable)
HPRegen 0.30/turn    (ring unavailable)
MPRegen 0.11/turn    (no gizmo)

%: no passive effects
@: mighty, silenced, revved
A: off-hand wielding, slow wielding, warmup strikes, no jewellery
a: Invent Gizmo, Renounce Religion


You were on level 7 of the Dungeon.
You worshipped Okawaru.
Okawaru was aware of your devotion.
You visited 2 branches of the dungeon, and saw 8 of its levels.

You collected 126 gold pieces.
You spent 126 gold pieces at shops.

Inventory:

Hand Weapons
 a - a +2 sling (weapon) {Marisol}
 u - a +1 sling of flaming (offhand) {Harkiran}
Missiles
 v - 3 poisoned darts
Armour
 c - a +0 leather armour (worn)
 z - a +0 pair of boots (worn)
Wands
 q - a wand of charming (5)
Scrolls
 b - 2 scrolls of butterflies
 e - a scroll of silence
 g - 3 scrolls of noise
 j - a scroll of poison {unknown}
 k - 2 scrolls of revelation
 s - a scroll of amnesia
Potions
 f - 2 potions of brilliance {unknown}
 h - 2 potions of ambrosia {unknown}
 l - 2 potions of mutation
 m - a potion of curing
 n - a potion of degeneration {unknown}
 o - a potion of might
 x - a potion of attraction {unknown}


   Skills:
 + Level 5.5 Fighting
 * Level 7.7 Ranged Weapons
 + Level 2.3 Dodging
 + Level 1.5 Stealth
 + Level 1.0 Invocations
 + Level 1.8 Evocations


You had 7 spell levels left.
You didn't know any spells.
Your spell library contained the following spells:

 Spells                   Type           Power      Damage    Failure   Level
 Apportation              Tloc           0%         N/A       47%         1
 Magic Dart               Conj           0%         1d3       47%         1
 Necrotise                Necr           0%         1d4       47%         1
 Jinxbite                 Hex            0%         N/A       63%         2
 Searing Ray              Conj           0%         2d4       63%         2
 Vampiric Draining        Necr           0%         2d6       85%         3
 Fulminant Prism          Conj/Alch      0%         3d5       99%         4
 Alistair's Intoxication  Alch           0%         N/A       100%        5
 Curse of Agony           Necr           0%         N/A       100%        5
 Martyr's Knell           Necr/Summ      Unusable   N/A       N/A         4

Dungeon Overview and Level Annotations

Branches:
Dungeon (7/15)             Temple (1/1) D:5

Altars:
Ashenzari
Cheibriados
Dithmenos
Elyvilon
Fedhas
Hepliaklqana
Kikubaaqudgha
Makhleb
Okawaru
Qazlal
Ru
Sif Muna
Trog
Vehumet
Wu Jian
Xom
Zin
The Shining One

Shops:
D:5 (

Annotations:
D:7 Joseph, Maurice


Innate Abilities, Weirdness & Mutations

You can wield a second weapon in your off-hand.
It takes a long time for you to wield or remove held weapons.
Your first few attacks do less damage.
You cannot equip rings or amulets.


Message History

You shoot a sling bullet. The sling bullet hits Maurice.
The sling bullet burns Maurice.
Maurice is severely wounded.
The steam dragon bites you. The steam dragon barely misses you.
Maurice closely misses you. x2
You shoot a sling bullet. The sling bullet hits Maurice.
Maurice is severely wounded.
You shoot a sling bullet. The sling bullet hits Maurice.
The sling bullet burns Maurice.
Maurice is almost dead.
The steam dragon bites you. The steam dragon closely misses you.
Maurice says something but you don't hear anything.
Maurice barely misses you. Maurice closely misses you.
The steam dragon breathes steam at you. The ball of steam misses you.
You shoot a sling bullet.
The sling bullet hits Maurice but does no damage.
Maurice is severely wounded.
You shoot a sling bullet. The sling bullet hits Maurice.
Maurice is almost dead.
You are engulfed in a cloud of scalding steam.
Maurice hits you with a +0 short sword!
* * * LOW HITPOINT WARNING * * *
Maurice bites you.
* * * LOW HITPOINT WARNING * * *
You feel your power leaking away. Maurice drains your magic.
The steam dragon bites you!
* * * LOW HITPOINT WARNING * * *
The steam dragon closely misses you. Maurice closely misses you.
Maurice bites you.
* * * LOW HITPOINT WARNING * * *
You feel your power leaking away. Maurice drains your magic.
Unknown command.
You shoot a sling bullet. The sling bullet hits Maurice.
The sling bullet burns Maurice.
Maurice is almost dead.
You shoot a sling bullet. The sling bullet barely misses Maurice.
You are engulfed in a cloud of scalding steam.
You die...

#####..##.###..##..##
####..##..##.###..###'##
##.....#...........#....#
#......+...........#....#
#..###.####...###'#######
###..###.##########..###
...........#.....+.....#
...........#...D§#.....#
...............f@§.....#
..#...#....###'###..#..#
########...# #.# #..####
##..###.###..#
#..'(._###..#
##.###.###..# #.# #.#
#..# #.# #+# #..# #..


You could see Maurice and a steam dragon (unsilenced, catching breath).

Vanquished Creatures
  2 black bears
  An ogre (D:5)
  A centaur (D:6)
  A phantom (D:5)
  A bullfrog (D:7)
  A howler monkey (D:6)
  2 hounds (D:4)
  A jelly (D:6)
  4 bombardier beetles
  Jessica (D:2)
  3 iguanas
  A sleepcap (D:4)
  5 orc wizards
  3 adders
  A white imp (D:6)
  4 dart slugs
  10 orcs
  7 endoplasms
  2 giant cockroaches
  7 goblins
  5 hobgoblins
  10 kobolds
  2 quokkas
  A ball python (D:2)
  8 bats
  3 frilled lizards
  2 rats
89 creatures vanquished.

Vanquished Creatures (collateral kills)
  An orc wizard (D:5)
  3 orcs (D:5)
4 creatures vanquished.

Vanquished Creatures (others)
  A scorpion (D:4)
  An orc wizard (D:5)
2 creatures vanquished.

Grand Total: 95 creatures vanquished

Notes
Turn   | Place    | Note
-------+----------+-------------------------------------------
     0 | D:1      | runemasterragnar the Coglin Hunter began the quest for the
                  | Orb.
     0 | D:1      | Reached XP level 1. HP: 16/16 MP: 1/1
    64 | D:1      | Reached XP level 2. HP: 22/22 MP: 2/2
   111 | D:1      | Reached skill level 4 in Ranged Weapons
   578 | D:2      | Reached XP level 3. HP: 28/28 MP: 3/3
   658 | D:2      | Noticed Jessica
   660 | D:2      | Killed Jessica
   661 | D:2      | Reached XP level 4. HP: 35/35 MP: 4/4
  1124 | D:3      | Reached skill level 5 in Ranged Weapons
  1124 | D:3      | Reached XP level 5. HP: 31/41 MP: 5/5
  1295 | D:3      | Found a sacrificial altar of Ru.
  1612 | D:4      | Noticed a black bear
  1620 | D:4      | Killed a black bear
  1621 | D:4      | Reached XP level 6. HP: 12/48 MP: 6/6
  1859 | D:4      | Reached skill level 6 in Ranged Weapons
  2326 | D:5      | Entered Level 5 of the Dungeon
  2373 | D:5      | Noticed a black bear
  2423 | D:5      | Killed a black bear
  2424 | D:5      | Reached XP level 7. HP: 52/55 MP: 7/7
  2555 | D:5      | Found Dourappa's Weapon Boutique.
  2560 | D:5      | Bought a +1 sling of flaming for 126 gold pieces
  2720 | D:5      | Found a staircase to the Ecumenical Temple.
  2789 | Temple   | Entered the Ecumenical Temple
  2802 | Temple   | Became a worshipper of Warmaster Okawaru
  2859 | D:5      | Reached skill level 7 in Ranged Weapons
  2861 | D:5      | Reached skill level 5 in Fighting
  3176 | D:5      | Found a burning altar of Makhleb.
  3176 | D:5      | Found a hazy altar of Hepliaklqana.
  3287 | D:6      | Reached skill level 1 in Stealth
  3287 | D:6      | Reached XP level 8. HP: 21/62 MP: 8/8
  3587 | D:6      | Reached skill level 1 in Evocations
  3628 | D:6      | Reached * piety under Okawaru
  4059 | D:7      | Identified a scroll of acquirement
  4059 | D:7      | Acquired 775 gold pieces
  4080 | D:7      | Noticed Joseph
  4121 | D:7      | Reached skill level 1 in Invocations
  4129 | D:7      | Found a radiant altar of Vehumet.
  4150 | D:7      | Noticed Maurice
  4204 | D:7      | Maurice stole 5 poisoned darts
  4206 | D:7      | Maurice stole a dragon-blood talisman
  4209 | D:7      | Maurice stole 127 gold
  4210 | D:7      | Maurice stole a +0 sling {Enheduana}
  4212 | D:7      | Maurice stole 511 gold
  4213 | D:7      | Maurice stole 372 gold
  4216 | D:7      | HP: 2/63 [Maurice/+0 short sword (3)]
  4217 | D:7      | Engulfed by a steam dragon's steam

Illustrated notes

Levels and vault maps discovered:
D:1:      zaba_arrival_water, layout_basic
D:2:      layout_rooms, uniq_jessica
D:3:      layout_basic, nicolae_overflow_crystal_walls
D:4:      layout_gridville, minivault_24,
          serial_library_regret_index_small_wings
D:5:      layout_loops_ring, gammafunk_temple_overflow_elements,
          minmay_temple_entry_overgrown, serial_shops,
          nicolae_shop_hallway_plus, chequers_serial_rivers_small_b
D:6:      layout_rooms
D:7:      minmay_inner_zag, layout_gridville, lemuel_doored_altar,
          chequers_serial_rivers_small_3, uniq_joseph, uniq_maurice
Temple:   zaba_magenta_temple

Skill      XL: |  1  2  3  4  5  6  7  8 |
---------------+-------------------------+-----
Ranged Weapons | 4 5 6 7 |  7.7
Fighting       | 3 4 5 |  5.5
Stealth        | 1 |  1.5
Dodging        | 2 |  2.3
Evocations     | 1 |  1.8
Invocations    | 1 |  1.0

Action                     |  1- 3 |  4- 6 |  7- 9 || total
---------------------------+-------+-------+-------++-------
   Fire: Sling             |    76 |   246 |   192 ||   514
  Evoke: Wand              |       |     2 |       ||     2
    Use: Scroll            |       |     2 |     8 ||    10
         Potion            |       |       |     2 ||     2
 Armour: Leather armour    |       |    39 |    42 ||    81
  Dodge: Dodged            |     2 |    29 |    50 ||    81

Table legend: (Time is in decaauts)
 A = Elapsed time spent in this place.
 B = Non-inter-level travel time spent in this place.
 C = Inter-level travel time spent in this place.
 D = Time resting spent in this place.
 E = Time spent auto-exploring this place.
 F = Levels seen in this place.
 G = Mean time per level.
                   A        B        C        D        E       F      G
               +--------+--------+--------+--------+--------+-----+--------+
         Total |   4262 |   4101 |    161 |    465 |   2980 |   8 |  532.8 |
       Dungeon |   4236 |   4100 |    136 |    465 |   2980 |   7 |  605.1 |
        Temple |     26 |      1 |     25 |      0 |      0 |   1 |   26.0 |
               +--------+--------+--------+--------+--------+-----+--------+

Top non-repeatable levels by time:
     D:5: 890 daAuts
     D:4: 787 daAuts
     D:6: 721 daAuts
     D:1: 569 daAuts
     D:2: 511 daAuts
     D:3: 506 daAuts
     D:7: 249 daAuts
  Temple: 26 daAuts
